 Dungeon Crawl Stone Soup version 0.27.1-2-g3b301248ec (webtiles) character file.

Game seed: 466451820568766663

1113 Borgoz the Slasher (level 8, -5/73 HPs)
             Began as a Deep Dwarf Berserker on Sept 26, 2021.
             Was a Follower of Trog.
             Killed from afar by Maggie (20 damage)
             ... with a bolt of fire
             ... on level 6 of the Dungeon.
             The game lasted 00:06:11 (4677 turns).

Borgoz the Slasher (Deep Dwarf Berserker)           Turns: 4677, Time: 00:06:11

Health: -5/73      AC: 13    Str: 21    XL:     8   Next: 12%
Magic:  8/8        EV: 10    Int:  8    God:    Trog [*.....]
Gold:   228        SH:  0    Dex: 14    Spells: 7/7 levels left

rFire    . . .     SeeInvis +   a - +0 falchion
rCold    . . .     Faith    .   (no shield)
rNeg     + . .     Spirit   .   d - +2 chain mail {rN+}
rPois    .         Reflect  .   (no helmet)
rElec    .         Harm     .   q - +0 cloak
rCorr    .         Rampage  .   (no gloves)
Will     +....                  (no boots)
Stlth    ..........             (no amulet)
HPRegen  0.00/turn              e - ring of see invisible
MPRegen  0.11/turn              (no ring)

@: mesmerised, studying Unarmed Combat
A: damage resistance, heal wounds, sense surroundings 1, no regeneration
a: Heal Wounds, Renounce Religion, Berserk


You were on level 6 of the Dungeon.
You worshipped Trog.
Trog was aware of your devotion.
You visited 1 branch of the dungeon, and saw 6 of its levels.

You collected 228 gold pieces.

Inventory:

Hand Weapons
 a - a +0 falchion (weapon)
Armour
 d - a +2 chain mail of positive energy (worn)
 q - a +0 cloak (worn)
Jewellery
 e - a ring of see invisible (left hand)
 h - a ring of fire
Wands
 m - a wand of iceblast (10)
 o - a wand of mindburst (18)
Scrolls
 g - a scroll of amnesia {unknown}
 i - a scroll of immolation {unknown}
 p - a scroll of torment {unknown}
 r - a scroll of teleportation
 s - a scroll of identify
Potions
 b - a potion of attraction
 c - 2 potions of degeneration {unknown}
 f - 2 potions of magic
 j - a potion of ambrosia {unknown}
 k - 2 potions of invisibility {unknown}
 l - a potion of might {unknown}
 n - 2 potions of flight {unknown}
 t - a potion of cancellation {unknown}


   Skills:
 + Level 4.7 Fighting
 * Level 6.7 Long Blades
 + Level 5.1 Armour
 + Level 5.1 Dodging


You had 7 spell levels left.
You didn't know any spells.
Your spell library was empty.

Dungeon Overview and Level Annotations

Branches:
Dungeon (6/15)             Temple (0/1) D:6

Altars:
Elyvilon
Nemelex Xobeh
Okawaru
Sif Muna
Uskayaw

Annotations:
D:6 Maggie


Innate Abilities, Weirdness & Mutations

You are resistant to damage.
You can heal yourself by infusing magical energy.
You passively map a small area around you.
You do not regenerate.


Message History

Maggie casts a spell.
Maggie draws you further into her thrall.
You hit Maggie.
Maggie is severely wounded.
Maggie hits you with a +0 glaive.
You hit Maggie but do no damage.
Maggie is severely wounded.
Maggie mumbles some strange words.
Maggie draws you further into her thrall.
You hit Maggie.
Maggie is severely wounded.
You recover from your berserk rage.
Maggie casts a spell.
Maggie draws you further into her thrall.
You hit Maggie.
Maggie is almost dead.
Maggie hits you with a +0 glaive.
You are too mesmerised to rage.
You hit Maggie.
Maggie is almost dead.
Maggie points at you and mumbles some strange words.
The bolt of fire hits you!
* * * LOW HITPOINT WARNING * * *
You hit Maggie but do no damage.
Maggie is almost dead.
Maggie barely misses you.
You hit Maggie.
Maggie is almost dead.
Maggie hits you with a +0 glaive.
* * * LOW HITPOINT WARNING * * *
You are too mesmerised to rage.
You barely miss Maggie.
Maggie is almost dead.
Maggie hits you with a +0 glaive.
Okay, then.
You closely miss Maggie.
Maggie is almost dead.
Maggie points at you and mumbles some strange words.
The bolt of fire hits you!!
You die...

*
#.##.##.#....##..#.#
,, ,
#..................+
, , ,*
#########.#####..#.#
, #............#
#............# ,
.#######....)........
, ,,
....................
....................
, ,
.......@............*
,
,........@...........
*
........#####.......
........# * ......#
*......... ,*......#
......... ..
......... * ,
.......... , ,


You could see Maggie (mesmerising).

Vanquished Creatures
  Grinder (D:4)
  Eustachio (D:4)
  A steam dragon (D:6)
  A necrophage (D:4)
  A black bear (D:4)
  A hound (D:5)
  An orc priest (D:5)
  A centaur zombie (D:5)
  Crazy Yiuf (D:5)
  Ijyb (D:5)
  Natasha (thrice) (D:4)
  3 iguanas
  2 orc wizards
  5 adders
  2 worms (D:3)
  A dart slug (D:1)
  15 orcs
  4 bats
  4 endoplasms
  4 giant cockroaches
  2 goblins
  A hobgoblin (D:1)
  3 jackals (D:3)
  5 kobolds
  3 quokkas
  2 ball pythons (D:1)
  2 frilled lizards (D:3)
  5 rats
76 creatures vanquished.

Notes
Turn   | Place    | Note
-------+----------+-------------------------------------------
     0 | D:1      | Borgoz the Deep Dwarf Berserker began the quest for the
                  | Orb.
     0 | D:1      | Reached XP level 1. HP: 20/20 MP: 1/1
   331 | D:1      | Found a faded altar of an unknown god.
   340 | D:1      | Reached XP level 2. HP: 21/27 MP: 2/2
   846 | D:2      | Reached XP level 3. HP: 5/33 MP: 3/3
  1656 | D:3      | Reached ** piety under Trog
  1667 | D:3      | Reached XP level 4. HP: 32/42 MP: 4/4
  1797 | D:3      | Found a white marble altar of Elyvilon.
  1868 | D:3      | Reached skill level 4 in Long Blades
  1870 | D:3      | Found a sparkling altar of Nemelex Xobeh.
  2479 | D:4      | Noticed Grinder
  2480 | D:4      | Noticed Natasha
  2490 | D:4      | Killed Natasha
  2506 | D:4      | Noticed Natasha
  2515 | D:4      | Killed Natasha
  2516 | D:4      | Reached XP level 5. HP: 27/49 MP: 5/5
  2526 | D:4      | Paralysed by Grinder for 6 turns
  2547 | D:4      | Killed Grinder
  2548 | D:4      | Reached skill level 5 in Long Blades
  2548 | D:4      | Reached XP level 6. HP: 13/57 MP: 6/6
  2681 | D:4      | Found a shimmering blue altar of Sif Muna.
  3146 | D:4      | Noticed Eustachio
  3184 | D:4      | Killed Eustachio
  3185 | D:4      | Reached XP level 7. HP: 64/64 MP: 7/7
  3200 | D:4      | Reached skill level 6 in Long Blades
  3390 | D:4      | Noticed Natasha
  3398 | D:4      | Killed Natasha
  3477 | D:5      | Entered Level 5 of the Dungeon
  3571 | D:5      | Noticed Ijyb
  3588 | D:5      | Killed Ijyb
  3634 | D:5      | Found a hide-covered altar of Uskayaw.
  4278 | D:5      | Found an iron altar of Okawaru.
  4494 | D:5      | Found a runed translucent door.
  4495 | D:5      | Noticed Crazy Yiuf
  4501 | D:5      | Killed Crazy Yiuf
  4597 | D:6      | Found a staircase to the Ecumenical Temple.
  4615 | D:6      | Noticed a steam dragon
  4627 | D:6      | Killed a steam dragon
  4628 | D:6      | Reached skill level 5 in Armour
  4628 | D:6      | Reached skill level 5 in Dodging
  4628 | D:6      | Reached XP level 8. HP: 40/73 MP: 8/8
  4643 | D:6      | Noticed Maggie
  4677 | D:6      | Killed from afar by Maggie

Illustrated notes

Levels and vault maps discovered:
D:1:      co_arrival_square_in_a_square_in_a_square, layout_basic,
          shapermc_ecumenical_altar_totnotflames
D:2:      layout_basic
D:3:      layout_loops_corners, nicolae_overflow_crystal_walls,
          mainiacjoe_overflow_surrounded_room
D:4:      layout_gridville, mainiacjoe_overflow_alcove_4, minmay_manual_mullet,
          uniq_natasha, uniq_eustachio, uniq_grinder
D:5:      layout_loops_corners, mainiacjoe_overflow_small_starburst,
          lemuel_doored_altar, uniq_ijyb, uniq_crazy_yiuf_cottage
D:6:      layout_basic, kennysheep_mini, minmay_temple_entry_overgrown,
          uniq_prince_ribbit1, uniq_blork_the_orc, uniq_maggie

Skill      XL: |  1  2  3  4  5  6  7 |
---------------+----------------------+-----
Fighting       | 3 4 |  4.7
Long Blades    | 4 5 6 |  6.7
Dodging        | 3 4 5 |  5.1
Armour         | 3 4 5 |  5.1

Action                   |  1- 3 |  4- 6 |  7- 9 || total
-------------------------+-------+-------+-------++-------
Melee: Falchion          |   115 |   159 |   136 ||   410
Invok: Trog's Hand       |       |     5 |     5 ||    10
       Berserk           |       |     3 |     5 ||     8
 Abil: Heal Wounds       |     1 |       |     4 ||     5
  Use: Scroll            |     7 |     2 |       ||     9
       Potion            |       |     1 |     1 ||     2
 Stab: Sleeping          |     3 |       |       ||     3
Armor: Animal skin       |    21 |       |       ||    21
       Ring mail         |    10 |       |       ||    10
       Chain mail        |       |    94 |    69 ||   163
Dodge: Dodged            |    71 |    77 |    70 ||   218
       Rpst.: Falchion   |    14 |    23 |    22 ||    59
